cohdb
Replays
Latest Replays
All Replays
Popular Replays
Top Player Replays
Match Explorer
How It Works
Community
CoH3 Stats
Reddit
Sign in to upload your games and track your stats! →
Sign in with Steam
Match 45696102
Unlisted
Match 45696102
Overview
Messages
Build Orders
End
Kettenkrad Recon Vehicle
Construct Infanterie Kompanie
Grenadier Squad
Grenadier Squad
Grenadier Squad
Grenadier Squad
Construct Luftwaffe Kompanie
221 Scout Car
Medical Station
Jäger Squad
Selects Mechanized Battlegroup
Selects Mechanized Battlegroup
Selects Mobile Repair Stations
Jäger Squad
Support Elements
Wirbelwind Flakpanzer
Selects Raid Package
Selects StuG Assault Group
Marder III M Tank Destroyer
Pioneer Squad
Kettenkrad Recon Vehicle
Pioneer Squad
Construct Panzer Kompanie
Selects UNKNOWN (2160084)
Selects Wespe Self-propelled Artillery
Selects Zeroing Artillery Barrage
Kettenkrad Recon Vehicle
chmod 777
InfectedCure
Nick
Stealth
jungbiny2
gregori_gregg
0
0
Comments
sign in to comment!
No comments posted yet!